 Dungeon Crawl Stone Soup version 0.28.0-53-g5a82cb258f (webtiles) character file.

Game seed: 161914945502562071

21 MisterFreud the Covert (level 2, 0/29 HPs)
             Began as a Gnoll Delver on June 29, 2022.
             Was a Follower of Uskayaw.
             Slain by a gnoll shaman
             ... wielding a +0 club
              (6 damage)
             ... on level 5 of the Dungeon.
             The game lasted 00:00:51 (343 turns).

MisterFreud the Covert (Gnoll Delver)                Turns: 343, Time: 00:00:52

Health: 0/29       AC:  8    Str: 11    XL:     2   Next: 83%
Magic:  2/2        EV:  5    Int:  9    God:    Uskayaw [*.....]
Gold:   68         SH:  0    Dex: 13    Spells: 2/2 levels left

rFire   + . .      SeeInvis .   a - +0 short sword
rCold   + . .      Faith    .   (no shield)
rNeg    . . .      Spirit   .   h - +0 chain mail {rPois}
rPois   +          Reflect  .   (no helmet)
rElec   +          Harm     .   (no cloak)
rCorr   +          Rampage  .   (no gloves)
Will    .....                   (no boots)
Stlth   +.........              (no amulet)
HPRegen 0.09/turn               (no ring)
MPRegen 0.08/turn               (no ring)

@: lit by a corona, resistant, glowing
A: fangs 1, strong nose, distributed training
a: Renounce Religion, Stomp


You were on level 5 of the Dungeon.
You worshipped Uskayaw.
Uskayaw was noncommittal.
You visited 1 branch of the dungeon, and saw 2 of its levels.

You collected 68 gold pieces.

Inventory:

Hand Weapons
 a - a +0 short sword (weapon)
Armour
 b - a +0 leather armour
 h - a +0 chain mail of poison resistance (worn)
Jewellery
 j - a +6 ring of strength
Wands
 g - a wand of digging (3)
Scrolls
 c - a scroll of fog
 d - a scroll of magic mapping
 e - a scroll of fear
Potions
 f - a potion of haste


   Skills:
 + Level 6.5 Fighting
 + Level 4.5 Short Blades
 + Level 0.5 Long Blades
 + Level 0.5 Axes
 + Level 0.5 Maces & Flails
 + Level 0.5 Polearms
 + Level 0.5 Staves
 + Level 0.5 Slings
 + Level 0.5 Bows
 + Level 0.5 Crossbows
 + Level 0.5 Throwing
 + Level 0.5 Armour
 + Level 4.5 Dodging
 + Level 9.5 Stealth
 + Level 0.5 Shields
 + Level 0.5 Unarmed Combat
 + Level 0.5 Spellcasting
 + Level 0.3 Conjurations
 + Level 0.3 Hexes
 + Level 0.3 Summonings
 + Level 0.3 Necromancy
 + Level 0.3 Translocations
 + Level 0.3 Transmutations
 + Level 0.3 Fire Magic
 + Level 0.3 Ice Magic
 + Level 0.3 Air Magic
 + Level 0.3 Earth Magic
 + Level 0.3 Poison Magic
 + Level 0.6 Invocations
 + Level 0.5 Evocations


You had 2 spell levels left.
You didn't know any spells.
Your spell library was empty.

Dungeon Overview and Level Annotations

Branches:
Dungeon (6/15)             Temple (0/1) D:5

Altars:
Uskayaw

Shops:
D:5 [


Innate Abilities, Weirdness & Mutations

You have very sharp teeth.
Your uncanny sense of smell can sniff out nearby items.
Your experience applies equally to all skills.


Message History

A centaur zombie comes into view.
You can now stomp with the beat.
You closely miss the gnoll. You punch the gnoll.
You kill the gnoll!
The gnoll shaman closely misses you.
You hit the gnoll shaman.
You bite the gnoll shaman, but do no damage.
The gnoll shaman is lightly wounded.
The gnoll shaman invokes the aid of its god against you.
You are outlined in light.
You hit the gnoll shaman. Your bite misses the gnoll shaman.
The gnoll shaman is moderately wounded.
The gnoll barely misses you.
The gnoll shaman hits you with a +0 club.
You hit the gnoll shaman.
The gnoll shaman is heavily wounded.
The gnoll hits you from afar with a +0 spear!
The gnoll shaman hits you with a +0 club.
You barely miss the gnoll shaman. Your bite misses the gnoll shaman.
The gnoll shaman is heavily wounded.
The gnoll hits you from afar with a +0 spear.
The gnoll shaman hits you with a +0 club.
You hit the gnoll shaman.
You bite the gnoll shaman, but do no damage.
The gnoll shaman is heavily wounded.
The gnoll closely misses you.
The gnoll shaman mumbles some strange prayers to its god.
The gnoll shaman is healed somewhat.
You closely miss the gnoll shaman.
The gnoll shaman is moderately wounded.
The gnoll hits you from afar with a +0 spear.
* * * LOW HITPOINT WARNING * * *
It was a potion of resistance.
You feel protected.
The gnoll shaman hits you with a +0 club.
* * * LOW HITPOINT WARNING * * *
The gnoll hits you but does no damage.
You see here 17 arrows.
The gnoll shaman hits you with a +0 club.
You die...

######### #[.......
#.####### ### #.# # ∆..#
####.# #.# ##.##.# #.#
##.#.#.#######
#.#####.#######.###.........
#.....#.##g@.....#.#.#######
P.P....g.######.##.#######
..>..#g#### ####........
.P.P.)........ #########
#...$...####### ..#.##..# ..
#..# .# ####


You could see a gnoll shaman and 2 gnolls.

Vanquished Creatures
  A gnoll (D:5)
  An adder (D:6)
  An orc (D:6)
3 creatures vanquished.

Notes
Turn   | Place    | Note
-------+----------+-------------------------------------------
     0 | D:5      | Reached skill level 9 in Stealth
     0 | D:5      | MisterFreud the Gnoll Delver began the quest for the Orb.
     0 | D:5      | Reached XP level 1. HP: 23/23 MP: 1/1
    13 | D:6      | Noticed a scorpion
    23 | D:5      | Found Farreo Pore's Antique Armour Boutique.
    49 | D:6      | Reached XP level 2. HP: 19/29 MP: 2/2
   240 | D:5      | Found a hide-covered altar of Uskayaw.
   247 | D:5      | Became a worshipper of Uskayaw the Reveller
   320 | D:5      | Found a staircase to the Ecumenical Temple.
   325 | D:5      | Reached * piety under Uskayaw
   343 | D:5      | Slain by a gnoll shaman

Illustrated notes

Levels and vault maps discovered:
D:5:      layout_loops_ring, nicolae_uskayaw_dance_hall,
          minmay_temple_entry_trees, hellmonk_ghost_happy_afterlife,
          columned_hall_lemuel, nicolae_take_the_stairs, nicolae_shop_gadgets
D:6:      cheibrodos_fertilizer, layout_basic, uniq_maggie,
          uniq_crazy_yiuf_cottage, uniq_pikel

Skill      XL: | |
---------------+-+-----
Stealth        | |  9.5
Fighting       | |  6.5
Short Blades   | |  4.5
Long Blades    | |  0.5
Axes           | |  0.5
Maces & Flails | |  0.5
Polearms       | |  0.5
Staves         | |  0.5
Slings         | |  0.5
Bows           | |  0.5
Crossbows      | |  0.5
Throwing       | |  0.5
Armour         | |  0.5
Dodging        | |  4.5
Shields        | |  0.5
Unarmed Combat | |  0.5
Spellcasting   | |  0.5
Conjurations   | |  0.3
Hexes          | |  0.3
Summonings     | |  0.3
Necromancy     | |  0.3
Translocations | |  0.3
Transmutations | |  0.3
Fire Magic     | |  0.3
Ice Magic      | |  0.3
Air Magic      | |  0.3
Earth Magic    | |  0.3
Poison Magic   | |  0.3
Invocations    | |  0.6
Evocations     | |  0.5

Action                   || total
-------------------------++-------
Melee: Short sword       ||    16
       Bite              ||     6
       Punch             ||     1
  Use: Potion            ||     1
 Stab: Sleeping          ||     1
Armor: Chain mail        ||     1
Dodge: Dodged            ||     8
